 Dungeon Crawl Stone Soup version 0.31.0-11-ge490571c62 (webtiles) character file.

Game seed: 37617448993207875

317 qw the Shooter (level 6, 0/30 HPs)
             Began as a Spriggan Hunter on Feb 5, 2024.
             Slain by an orc
             ... wielding a +0 club
              (2 damage)
             ... on level 3 of the Dungeon.
             The game lasted 00:00:36 (1444 turns).

qw the Shooter (Spriggan Hunter)                    Turns: 1444, Time: 00:00:36

Health: 0/30       AC:  2    Str:  7    XL:     6   Next: 20%
Magic:  7/7        EV: 20    Int: 11    God:
Gold:   100        SH:  0    Dex: 20    Spells: 5/5 levels left

rFire   . . .        a - +0 shortbow (drain)
rCold   . . .        (shield currently unavailable)
rNeg    . . .        c - +0 robe
rPois   .            (helmet restricted)
rElec   .            (no cloak)
rCorr   .            (gloves unavailable)
SInv    +            (boots unavailable)
Will    +....        (no amulet)
Stlth   ++           (no ring)
HPRegen 0.25/turn    (no ring)
MPRegen 0.10/turn

%: no passive effects
@: very quick
A: very small, no large weapons, unfitting armour, see invisible, speed 3
a: no special abilities


You were on level 3 of the Dungeon.
You visited 1 branch of the dungeon, and saw 3 of its levels.

You collected 100 gold pieces.


Innate Abilities, Weirdness & Mutations

You are very small and have problems with some larger weapons.
You are too small for most types of armour.
You have supernaturally acute eyesight. (SInv)
You cover ground extremely quickly. (Speed+++)


   Skills:
 + Level 1.9 Fighting
 - Level 6.6 Ranged Weapons
 - Level 5.1 Dodging
 - Level 1.5 Stealth


You had 5 spell levels left.
You didn't know any spells.
Your spell library was empty.

Inventory:

Hand Weapons
 a - a +0 shortbow of draining (weapon)
Armour
 c - a +0 robe (worn)
Jewellery
 g - a +6 ring of intelligence
Wands
 d - a wand of flame (18)
Potions
 b - a potion of haste {unknown}
 e - a potion of magic {unknown}
 f - a potion of mutation {unknown}

Dungeon Overview and Level Annotations

Branches:
Dungeon (3/15)

Altars:
Okawaru

Annotations:
D:3 1 runed translucent door


Message History

You shoot an arrow. The arrow closely misses the orc.
You shoot an arrow. The arrow closely misses the orc.
The orc wizard hits you with a +0 dagger.
The orc hits you with a +0 club. The orc barely misses you.
The orc wizard hits you but does no damage.
You shoot an arrow. The arrow hits the orc.
You kill the orc!
The orc wizard casts a spell at you. The puff of flame misses you.
You shoot an arrow.
The arrow closely misses the orc wizard.
The arrow hits the orc but does no damage.
You drain the orc.
The orc is heavily wounded.
The orc hits you with a +0 club. The orc wizard closely misses you.
You shoot an arrow.
The arrow hits the orc but does no damage.
You drain the orc.
The orc is severely wounded.
The orc closely misses you. The orc barely misses you.
The orc wizard completely misses you.
You shoot an arrow. The arrow barely misses the orc.
The orc hits you with a +0 club. The orc hits you with a +4 short sword!
The orc wizard barely misses you.
You shoot an arrow. The arrow hits the orc.
You kill the orc!
The orc closely misses you. The orc wizard casts a spell at you.
The magic dart hits you!
You shoot an arrow.
The arrow hits the orc wizard but does no damage.
The orc wizard misses you. The orc hits you with a +0 club.
You shoot an arrow. The arrow hits the orc wizard.
You drain the orc wizard.
The orc wizard is almost dead.
The orc wizard hits you with a +0 dagger.
The orc completely misses you.
You shoot an arrow.
The arrow closely misses the orc wizard.
The orc hits you with a +0 club.
You die... ####### ######### #####8...8#####........ #....!........#.######. #......_...)....# ###[............#.# ....###8...8#####.# #. ....# ###+### ##.###.... .)..# 8ggo8

#......... #)###
#ggg..# #@o.7...##
#..## #!.[g[#
#o)7.7.... ##..#
#..?..# #$7._.7.##
##.# #8!.?8#
#..7.7.... #.# #..
7..... #.####
##.).. ..$#.
####...####...###..
..# .>............+
..+ .+
#####.#.###...#


You could see an orc wizard (very drained) and an orc.

Vanquished Creatures
  Sigmund (D:2)
  Terence (D:2)
  6 gnolls
  An adder (D:2)
  A ribbon worm (D:2)
  8 orcs (D:3)
  A bat (D:2)
  6 endoplasms
  4 goblins
  4 hobgoblins
  5 kobolds
  2 quokkas (D:1)
  3 ball pythons
  A frilled lizard (D:2)
  6 rats
50 creatures vanquished.

Notes
Turn   | Place    | Note
-------+----------+-------------------------------------------
     0 | D:1      | qw the Spriggan Hunter began the quest for the Orb.
     0 | D:1      | Reached XP level 1. HP: 10/10 MP: 2/2
     0 | D:1      | 0 ||| qw: Version: 0.3-a-160-g6735b56
     0 | D:1      | 0 ||| qw: Game counter: 6388
     0 | D:1      | 0 ||| qw: Melee chars always use a shield: true
     0 | D:1      | 0 ||| qw: God list: Okawaru
     0 | D:1      | 0 ||| qw: Allow faded altars: false
     0 | D:1      | 0 ||| qw: Do Orc after clearing Dungeon:15 true
     0 | D:1      | 0 ||| qw: Do second Lair branch before Depths: true
     0 | D:1      | 0 ||| qw: Lair rune preference: random
     0 | D:1      | 0 ||| qw: Goals: Normal
     0 | D:1      | 0 ||| PLANNING D:1-11
    85 | D:1      | Reached skill level 3 in Dodging
    91 | D:1      | HP: 2/10 [quokka (5)]
   237 | D:1      | Reached XP level 2. HP: 14/14 MP: 3/3
   444 | D:1      | 444 ||| DROPPING ring of flight.
   445 | D:1      | 445 ||| READING scroll labelled TAPTOM JOROMME.
   445 | D:1      | 445 ||| BRANDING +0 shortbow.
   446 | D:1      | 446 ||| READING 2 scrolls labelled VASMUE HAHO.
   447 | D:1      | 447 ||| READING scroll labelled JIRPHACVAYR.
   447 | D:1      | 447 ||| IDENTIFYING smoky grey potion
   448 | D:1      | 448 ||| DROPPING scroll of butterflies.
   449 | D:1      | 449 ||| DROPPING scroll of fear.
   450 | D:1      | 450 ||| DROPPING potion of brilliance.
   492 | D:2      | Noticed Terence
   496 | D:2      | Killed Terence
   497 | D:2      | Reached XP level 3. HP: 18/18 MP: 4/4
   657 | D:2      | Noticed Sigmund
   669 | D:2      | Killed Sigmund
   670 | D:2      | Reached skill level 6 in Ranged Weapons
   670 | D:2      | Reached XP level 4. HP: 12/22 MP: 5/5
   670 | D:2      | Reached XP level 5. HP: 13/25 MP: 6/6
  1200 | D:3      | 1200 ||| PLANNING SEWER
  1248 | D:3      | Reached XP level 6. HP: 30/30 MP: 7/7
  1407 | D:3      | Found an iron altar of Okawaru.
  1409 | D:3      | Found a runed translucent door.
  1413 | D:3      | Found the +0 toga "Victory" {*Victory Clar}
  1421 | D:3      | Found a faded altar of an unknown god.
  1441 | D:3      | HP: 4/30 [orc wizard/magic dart (7)]
  1444 | D:3      | Slain by an orc

Levels and vault maps discovered:
D:1:      onia_arrival_mini_spirals, layout_basic
D:2:      layout_loops_ring, uniq_sigmund, uniq_terence
D:3:      layout_basic, nicolae_overflow_guarded_unrand_okawaru_victory,
          portal_sewer_entry_f, chequers_ecumenical_altar_simple_redux

Skill      XL: |  1  2  3  4  5  6 |
---------------+-------------------+-----
Dodging        | 3 4 5 |  5.1
Ranged Weapons | 6 |  6.6
Fighting       | |  1.9
Stealth        | |  1.5

Action                     |  1- 3 |  4- 6 || total
---------------------------+-------+-------++-------
   Fire: Shortbow          |    49 |    72 ||   121
    Use: Scroll            |     3 |       ||     3
 Armour: Robe              |     7 |    15 ||    22
  Dodge: Dodged            |    18 |    14 ||    32

Table legend:
 A = Non-vault XP
 B = Vault XP
 C = Vault XP percentage of total XP
 D = Non-vault monster count
 E = Vault monster count
 F = Vault count percentage of total count
                 A         B        C        D         E       F
            +---------+---------+-------+---------+---------+-------
      Total |     178 |     275 |  60.7 |      48 |       2 |   4.0
            +---------+---------+-------+---------+---------+-------
        D:1 |      18 |       0 |   0.0 |      10 |       0 |   0.0
        D:2 |      82 |     275 |  77.0 |      21 |       2 |   8.7
        D:3 |      78 |       0 |   0.0 |      17 |       0 |   0.0
            +---------+---------+-------+---------+---------+-------
